 Dungeon Crawl Stone Soup version 0.19-a0-1049-g462a813 (webtiles) character file.

107 hairmachine the Caller (level 4, -3/30 HPs)
             Began as a Vampire Summoner on July 31, 2016.
             Killed from afar by an orc wizard (9 damage)
             ... with a magic dart
             ... on level 3 of the Dungeon.
             The game lasted 00:13:35 (3842 turns).

hairmachine the Caller (Vampire Summoner)           Turns: 3842, Time: 00:13:36

Health: -3/30      AC:  2    Str:  7    XL:     4   Next: 57%
Magic:  5/7        EV: 12    Int: 18    God:
Gold:   155        SH:  0    Dex: 14    Spells: 3 memorised, 1 level left

rFire  . . .     SeeInvis +       - Unarmed
rCold  + . .     Gourm    .     a - +0 robe
rNeg   + + .     Faith    .     (no shield)
rPois  +         Spirit   .     (no helmet)
rElec  .         Dismiss  .     (no cloak)
rCorr  .         Reflect  .     (no gloves)
SustAt .         Harm     .     (no boots)
MR     .....                    (no amulet)
Stlth  ++........               (no ring)
                                (no ring)

@: regenerating slowly, not resistant to hostile enchantments, unstealthy
A: fangs 3, see invisible, unbreathing
a: Bat Form


You were on level 3 of the Dungeon.
You were very thirsty.

You visited 1 branch of the dungeon, and saw 3 of its levels.

You collected 155 gold pieces.

Inventory:

Armour
 a - a +0 robe (worn)
Scrolls
 d - a scroll of fear {unknown}
 i - 3 scrolls of teleportation {unknown}
 j - 3 scrolls of identify {unknown}
 l - 2 scrolls of remove curse {unknown}
Potions
 c - 13 potions of blood
 e - a potion of berserk rage {unknown}
 f - a potion of flight {unknown}
 g - a potion of curing {unknown}
 h - a potion of heal wounds {unknown}
 k - a potion of cure mutation {unknown}
Books
 b - a book of Callings

   Spells                             Type                      Level
   a - Summon Small Mammal            Summoning                    1
   b - Call Imp                       Summoning                    2
   c - Call Canine Familiar           Summoning                    3
   d - Summon Guardian Golem          Hexes/Summoning              3
   e - Summon Lightning Spire         Summoning/Air                4
   f - Summon Ice Beast               Ice/Summoning                4


   Skills:
 - Level 2.1 Dodging
 - Level 3.0 Stealth
 + Level 2.6 Unarmed Combat
 - Level 2.0 Spellcasting
 + Level 5.3 Summonings


You had one spell level left.
You knew the following spells:

 Your Spells              Type           Power        Failure   Level  Hunger
a - Summon Small Mammal   Summ           ###.         1%          1    #......
b - Call Imp              Summ           ###.....     3%          2    ###....
c - Call Canine Familiar  Summ           ###.....     10%         3    ###....


Dungeon Overview and Level Annotations

Branches:
Dungeon (3/15)

Altars:


Innate Abilities, Weirdness & Mutations

You heal slowly.
You have razor-sharp teeth.
You have supernaturally acute eyesight. (SInv)
You can survive without breathing.


Message History

The orc priest casts a cantrip, but nothing happens.
Your crimson imp blinks!
The orc priest looks braver for a moment.
The orc wizard mumbles some strange words.
The orc wizard blinks!
The orc wizard gestures at you while chanting.
The magic dart hits you!
The orc priest invokes the aid of Beogh against you.
Beogh smites you!
The orc hits your crimson imp with a war axe.
The orc closely misses your crimson imp.
Your crimson imp blinks!
The orc wizard points at you and mumbles some strange words.
The magic dart hits you!
* * * LOW HITPOINT WARNING * * *
The orc priest casts a cantrip, but nothing happens.
You hit the orc wizard but do no damage.
The orc wizard gestures at you while chanting.
The magic dart hits you!
You die...

###..# #.........#.# . ##.#
#.........#.# .. #.#
#.........#.### ...
####.###..†.....5#... ....
......##........)#.# o..#.
..........#######..###......
........#..<...#....oooo....
........#......#....#o..[...
...............o@...ooo>....
........##..#...h.>.#.##....
..<.................#.# ...
............###.....#.. ##
........###...##...(....
........# #.#.##.##.....#
........# #...<..##..$...
........# ##....## ....#
........# #....# . .


You could see 2 orc priests, an orc wizard, 7 orcs and a friendly hound.

Vanquished Creatures
  An adder (D:2)
  2 giant geckos (D:3)
  An orc (D:3)
  4 bats
  A giant cockroach (D:3)
  2 goblins
  3 hobgoblins
  A jackal (D:3)
  4 kobolds
  A quokka (D:2)
  A ball python (D:3)
  2 rats (D:1)
23 creatures vanquished.

Vanquished Creatures (collateral kills)
  A giant frog skeleton (D:1)
  Ijyb (D:2)
  2 adders (D:2)
  An ooze (D:1)
  3 worms (D:2)
  A dart slug (D:3)
  A giant gecko (D:1)
  A ball python (D:1)
  2 bats
  3 giant cockroaches
  A goblin (D:3)
  4 hobgoblins
  6 jackals (D:2)
  A quokka (D:1)
  2 giant newts (D:2)
  A kobold (D:2)
  3 rats (D:1)
34 creatures vanquished.

Grand Total: 57 creatures vanquished

Notes
Turn   | Place    | Note
-------+----------+-------------------------------------------
     0 | D:1      | hairmachine the Vampire Summoner began the quest for the Orb.
     0 | D:1      | Reached XP level 1. HP: 13/13 MP: 3/3
   696 | D:1      | Reached XP level 2. HP: 14/19 MP: 1/5
  1110 | D:1      | Reached skill level 1 in Unarmed Combat
  1154 | D:1      | Learned a level 2 spell: Call Imp
  1194 | D:1      | Reached XP level 3. HP: 24/24 MP: 3/6
  2013 | D:2      | Learned a level 3 spell: Call Canine Familiar
  2500 | D:2      | Reached skill level 5 in Summonings
  2599 | D:2      | Noticed Ijyb
  2615 | D:2      | Killed Ijyb
  2615 | D:2      | Reached XP level 4. HP: 15/30 MP: 1/7
  3842 | D:3      | Killed from afar by an orc wizard

Vault maps used:
D:1:      dpeg_arrival_rooms_with_view, grunt_decor_arrowhead
D:2:      uniq_iyjb
D:3:      ecumenical_altar_2

Skill      XL: |  1  2  3 |
---------------+----------+-----
Unarmed Combat | 1 2 |  2.6
Summonings     | 5 |  5.3
Dodging        | |  2.1
Stealth        | |  3.0
Spellcasting   | |  2.0

Action                   |  1- 3 |  4- 6 || total
-------------------------+-------+-------++-------
Melee: Unarmed           |   108 |    56 ||   164
       Bite              |     8 |     4 ||    12
 Cast: Summon Small Mamm |    36 |     4 ||    40
       Call Canine Famil |     3 |     5 ||     8
       Call Imp          |     3 |     1 ||     4
  Use: Potion            |     3 |     2 ||     5
 Stab: Sleeping          |     2 |     4 ||     6
       Distracted        |     1 |       ||     1
Armor: Robe              |    33 |     9 ||    42
Dodge: Dodged            |    87 |    43 ||   130
